Map: Automaton LE

Players

Bundaberg

  • Race: Zerg Zerg
  • League: Master
  • Spawn Location: 3:00

Sylem

  • Race: Zerg Zerg
  • League: Diamond
  • Spawn Location: 9:00

VOD

Have the link to the VOD?

Description

Time

  • Played on: Jan. 31, 2019, 11:44 p.m.
  • Length: 7:12
Show
View Real Time Build Order
Export as new Build Order

Bundaberg Zerg 

Build Orders: Hatch First 

Get SALT Encoding   

  12  0:01  Drone  
  13  0:12  Overlord  
  13  0:18  Drone  
  14  0:31  Drone x2  
  14  0:35  Drone  
  17  0:54  Hatchery  
  17  0:56  Drone  
  17  0:59  Drone  
  17  1:03  Extractor  
  17  1:16  Spawning Pool  
  16  1:19  Drone  
  16  1:23  Drone  
  18  1:30  Drone  
  19  2:02  Overlord  
  19  2:05  Zergling x4  
  19  2:06  Metabolic Boost, Queen  
  19  2:08  Queen  
  25  2:11  Drone  
  26  2:16  Drone  
  27  2:23  Drone  
  28  2:30  Drone  
  28  2:35  Drone x2  
  31  2:38  Baneling Nest  
  30  2:49  Drone x2  
  32  2:53  Overlord  
  32  3:10  Hatchery  
  32  3:11  Zergling x6  
  33  3:21  Zergling x8  
  33  3:22  Zergling x2  
  38  3:27  Baneling x3  
  38  3:30  Zergling x2  
  38  3:31  Zergling x2  
  40  3:35  Zergling x2  
  40  3:36  Zergling x2  
  40  3:40  Overlord  
  37  4:13  Zergling x2  
  37  4:14  Zergling x14  
  43  4:21  Baneling x2  
  40  4:28  Drone  
  40  4:29  Drone x7  
  47  4:38  Queen  
  46  4:42  Drone x3  
  51  4:48  Zergling x4  
  52  4:57  Zergling x6  
  55  5:00  Baneling  
  55  5:01  Baneling x10  
  55  5:02  Baneling  
  55  5:05  Zergling x2  
  54  5:12  Zergling x2  
  54  5:13  Zergling x10  
  50  5:27  Zergling x12  
  50  5:30  Baneling x2  
  49  5:37  Zergling x2  
  45  5:48  Zergling x12  
  41  5:57  Zergling x4  
  31  6:10  Zergling x10  
  31  6:23  Baneling x5  
  27  6:41  Drone  
  27  6:42  Drone x7  
  27  6:54  Zergling x2  
  27  6:55  Zergling x4  
Show
View Real Time Build Order
Export as new Build Order

Sylem Zerg 

Build Orders: Hatch First 

Get SALT Encoding   

  12  0:01  Drone  
  13  0:11  Drone  
  14  0:18  Overlord  
  14  0:36  Drone x3  
  17  0:54  Hatchery  
  16  0:58  Drone  
  17  1:04  Extractor  
  16  1:14  Spawning Pool  
  16  1:17  Drone  
  16  1:22  Drone  
  17  1:26  Drone  
  18  1:33  Drone  
  19  1:40  Overlord  
  19  2:01  Queen  
  19  2:05  Queen  
  19  2:06  Evolution Chamber  
  22  2:11  Drone x2  
  22  2:15  Drone  
  25  2:18  Drone  
  26  2:31  Zergling x2  
  26  2:32  Zergling x2  
  26  2:35  Zergling x2  
  29  2:37  Spine Crawler  
  28  2:44  Zerg Ground Armor Level 1  
  28  2:48  Drone  
  28  2:50  Drone  
  30  2:55  Drone  
  30  2:56  Drone  
  32  3:00  Drone  
  32  3:03  Drone  
  34  3:19  Overlord x2  
  34  3:21  Baneling Nest  
  33  3:28  Metabolic Boost  
  33  3:38  Zergling x2  
  33  3:39  Zergling x10  
  39  3:47  Zergling x2  
  40  3:50  Overlord  
  40  3:57  Zergling x2  
  37  4:02  Zergling x2  
  37  4:13  Zergling x4  
  38  4:19  Zergling x4  
  38  4:20  Zergling x6  
  38  4:24  Zergling x6  
  43  4:30  Zergling x2  
  45  4:32  Zergling x2  
  46  4:41  Zergling x2, Zerg Melee Weapons Level 1  
  47  4:48  Zergling x2  
  47  4:52  Baneling x2  
  43  4:53  Zergling x2  
  43  4:55  Hatchery, Zergling x2  
  43  4:59  Zergling x2  
  45  5:00  Zergling x4  
  45  5:03  Baneling  
  45  5:04  Baneling  
  47  5:08  Zergling x2  
  47  5:09  Zergling x2  
  47  5:11  Baneling  
  48  5:19  Zergling x4  
  43  5:23  Zergling x2  
  43  5:24  Zergling x2  
  43  5:28  Baneling x2  
  42  5:29  Baneling  
  42  5:32  Zergling x2  
  42  5:36  Zergling x2  
  42  5:37  Baneling  
  42  5:40  Zergling x2  
  43  5:47  Zergling x4  
  39  5:50  Zergling x2  
  37  5:57  Zergling x4  
  37  6:01  Zergling x2  
  36  6:08  Baneling x2  
  36  6:10  Zergling x4  
  34  6:27  Zergling x6  
  34  6:32  Zergling x4  
  37  6:34  Zergling x4  
  37  6:35  Baneling  
  37  6:36  Baneling  
  39  6:42  Baneling x3  
  39  6:44  Zergling x2  
  39  6:52  Zergling x2  
  39  6:53  Baneling, Zergling x2  
  39  6:54  Baneling  
Tags
 
Add a new tag
Caveats
  • Supply blocks, unpowered buildings, or Contaminate may cause inaccurate times.
  • Supply counts are checked every 10 seconds.